| TOP OF THE 1ST |
|
Omaha Storm Chasers batting - Pitching for Toledo Mud Hens : LHP Josh Thorpe
|
|
Pitching: LHP Josh Thorpe
|
|
|
Batting: RHB Yuichi Takata
|
0-0: Ball 1-0: Called Strike 1-1: Swinging Strike 1-2: Foul Ball, location: 2F 1-2: Strikes out swinging
|
|
Batting: RHB Taisei Fujii
|
0-0: Ball 1-0: Fly out, F8 (Flyball, 8RD, EV 85.0 MPH)
|
|
Batting: LHB Shigeru Ono
|
0-0: Ball 1-0: Called Strike 1-1: Ground out 6-3 (Groundball, 6, EV 108.1 MPH)
|
| Top of the 1st over - 0 runs, 0 hits, 0 errors, 0 left on base; Omaha 0 - Toledo 0 |
| BOTTOM OF THE 1ST |
|
Toledo Mud Hens batting - Pitching for Omaha Storm Chasers : LHP John Hall
|
|
Pitching: LHP John Hall
|
|
|
Batting: LHB Bill Ford
|
0-0: Ball 1-0: Ball 2-0: Ground out 5-3 (Groundball, 56S, EV 84.4 MPH)
|
|
Batting: RHB J.J. Basil
|
0-0: Ground out 3-1 (Groundball, 34, EV 92.5 MPH)
|
|
Batting: RHB Jamie Villagrana
|
0-0: Ball 1-0: Ground out 5-3 (Groundball, 56, EV 94.4 MPH)
|
| Bottom of the 1st over - 0 runs, 0 hits, 0 errors, 0 left on base; Omaha 0 - Toledo 0 |
| TOP OF THE 2ND |
|
Omaha Storm Chasers batting - Pitching for Toledo Mud Hens : LHP Josh Thorpe
|
|
Batting: SHB Francisco Gutierrez
|
0-0: Called Strike 0-1: Called Strike 0-2: Ball 1-2: Ball 2-2: SINGLE (Groundball, 6MS, EV 85.6 MPH) (infield hit)
|
|
Batting: LHB Willie Gutierrez
|
0-0: Ball Francisco Gutierrez steals 2nd, throwing error, E2 Francisco Gutierrez to third 1-0: Called Strike 1-1: Ball 2-1: Called Strike 2-2: Ball 3-2: Strikes out looking
|
|
Batting: SHB Arturo Baez
|
0-0: Ball 1-0: Ball 2-0: Foul Ball, location: 2F 2-1: Swinging Strike 2-2: Foul Ball, location: 2F 2-2: Fly out, F7 (Flyball, 7D, EV 84.4 MPH)
|
|
Batting: RHB Kevin Roseen
|
0-0: Ball 1-0: Swinging Strike 1-1: Ball 2-1: Foul Ball, location: 2F 2-2: Fly out, F4 (Line Drive, 4, EV 72.5 MPH)
|
| Top of the 2nd over - 0 runs, 1 hit, 1 error, 1 left on base; Omaha 0 - Toledo 0 |
| BOTTOM OF THE 2ND |
|
Toledo Mud Hens batting - Pitching for Omaha Storm Chasers : LHP John Hall
|
|
Batting: LHB Jon Frederick
|
0-0: Called Strike 0-1: Ball 1-1: Swinging Strike 1-2: Ball 2-2: Ball 3-2: Foul Ball, location: 2F 3-2: Strikes out swinging
|
|
Batting: RHB Dan Becvar
|
0-0: Swinging Strike 0-1: Ground out 6-3 (Groundball, 6, EV 110.6 MPH)
|
|
Batting: RHB Joel Miller
|
0-0: Called Strike 0-1: Foul Ball, location: 2F 0-2: Strikes out swinging
|
| Bottom of the 2nd over - 0 runs, 0 hits, 0 errors, 0 left on base; Omaha 0 - Toledo 0 |
| TOP OF THE 3RD |
|
Omaha Storm Chasers batting - Pitching for Toledo Mud Hens : LHP Josh Thorpe
|
|
Batting: SHB David Barona
|
0-0: Foul Ball, location: 2F 0-1: Foul Ball, location: 2F 0-2: SINGLE (Line Drive, 56D, EV 98.8 MPH)
|
|
Batting: RHB Jason Birge
|
0-0: Ball 1-0: Grounds into double play, 4-6-3 (Groundball, 4M, EV 80.6 MPH)
|
|
Batting: RHB Yuichi Takata
|
0-0: Ball 1-0: Ball 2-0: Ball 3-0: Base on Balls
|
|
Batting: RHB Taisei Fujii
|
0-0: Swinging Strike 0-1: Ball 1-1: Ball 2-1: Called Strike 2-2: Foul Ball, location: 2F 2-2: Foul Ball, location: 2F 2-2: Ball 3-2: Base on Balls Yuichi Takata to second
|
|
Batting: LHB Shigeru Ono
|
0-0: SINGLE (Flyball, 6D, EV 83.1 MPH) Yuichi Takata to third Taisei Fujii to second Runner from 3rd tries for Home, SAFE, throw by LF to home Taisei Fujii to third Shigeru Ono to second
|
|
Batting: SHB Francisco Gutierrez
|
0-0: Called Strike 0-1: Called Strike 0-2: Ball 1-2: Foul Ball, location: 2F 1-2: SINGLE (Line Drive, 4D, EV 93.8 MPH) Taisei Fujii scores Shigeru Ono to third
|
|
Batting: LHB Willie Gutierrez
|
0-0: Called Strike 0-1: Ball 1-1: Swinging Strike 1-2: Ball 2-2: Fly out, F9 (Flyball, 9, EV 87.5 MPH)
|
| Top of the 3rd over - 2 runs, 3 hits, 0 errors, 2 left on base; Omaha 2 - Toledo 0 |
| BOTTOM OF THE 3RD |
|
Toledo Mud Hens batting - Pitching for Omaha Storm Chasers : LHP John Hall
|
|
Batting: RHB Keith Hoffman
|
0-0: Ball 1-0: Ball 2-0: Called Strike 2-1: Ball 3-1: Called Strike 3-2: Foul Ball, location: 2F 3-2: Strikes out swinging
|
|
Batting: RHB Aaron Cusick
|
0-0: Ball 1-0: Called Strike 1-1: Foul Ball, location: 2F 1-2: SINGLE (Line Drive, 7S, EV 106.9 MPH)
|
|
Batting: SHB Chris Wagler
|
0-0: Ball 1-0: Ball 2-0: Reached on error, E6 (Groundball, 6, EV 86.2 MPH) Aaron Cusick to second
|
|
Batting: LHB Bill Ford
|
0-0: Ball 1-0: Swinging Strike 1-1: Ball 2-1: Foul Ball, location: 2F 2-2: Ball 3-2: Grounds into double play, 6-4-3 (Groundball, 6, EV 94.4 MPH)
|
| Bottom of the 3rd over - 0 runs, 1 hit, 1 error, 1 left on base; Omaha 2 - Toledo 0 |
| TOP OF THE 4TH |
|
Omaha Storm Chasers batting - Pitching for Toledo Mud Hens : LHP Josh Thorpe
|
|
Batting: SHB Arturo Baez
|
0-0: Ball 1-0: Called Strike 1-1: Ground out 5-3 (Groundball, 56, EV 81.9 MPH)
|
|
Batting: RHB Kevin Roseen
|
0-0: Ground out 4-3 (Groundball, 4M, EV 85.6 MPH)
|
|
Batting: SHB David Barona
|
0-0: Called Strike 0-1: Foul Ball, location: 2F 0-2: Ball 1-2: Ball 2-2: Foul Ball, location: 2F 2-2: Ball 3-2: Foul Ball, location: 2F 3-2: Base on Balls
|
|
Batting: RHB Jason Birge
|
0-0: SINGLE (Flyball, 8LS, EV 91.2 MPH) David Barona to second Runner from 2nd tries for 3rd, SAFE, throw by CF made to third
|
|
Batting: RHB Yuichi Takata
|
0-0: Ball 1-0: Ball 2-0: Called Strike 2-1: Ball 3-1: Foul Ball, location: 2F 3-2: Fly out, F9 (Flyball, 9, EV 88.1 MPH)
|
| Top of the 4th over - 0 runs, 1 hit, 0 errors, 2 left on base; Omaha 2 - Toledo 0 |
| BOTTOM OF THE 4TH |
|
Toledo Mud Hens batting - Pitching for Omaha Storm Chasers : LHP John Hall
|
|
Batting: RHB J.J. Basil
|
0-0: Called Strike 0-1: Called Strike 0-2: Strikes out swinging
|
|
Batting: RHB Jamie Villagrana
|
0-0: Called Strike 0-1: Ball 1-1: Foul Ball, location: 2F 1-2: Foul Ball, location: 2F 1-2: Ball 2-2: Foul Ball, location: 2F 2-2: Ball 3-2: Ground out 1-5-3 (Groundball, 15S, EV 103.1 MPH)
|
|
Batting: LHB Jon Frederick
|
0-0: Ball 1-0: Called Strike 1-1: Ball 2-1: Fly out, F9 (Flyball, 89D, EV 91.2 MPH)
|
| Bottom of the 4th over - 0 runs, 0 hits, 0 errors, 0 left on base; Omaha 2 - Toledo 0 |
| TOP OF THE 5TH |
|
Omaha Storm Chasers batting - Pitching for Toledo Mud Hens : LHP Josh Thorpe
|
|
Batting: RHB Taisei Fujii
|
0-0: Ball 1-0: Ball 2-0: Fly out, F7 (Flyball, 78M, EV 81.9 MPH)
|
|
Batting: LHB Shigeru Ono
|
0-0: Swinging Strike 0-1: Swinging Strike 0-2: Ball 1-2: Strikes out swinging
|
|
Batting: SHB Francisco Gutierrez
|
0-0: Foul Ball, location: 2F 0-1: Ball 1-1: Swinging Strike 1-2: Strikes out swinging
|
| Top of the 5th over - 0 runs, 0 hits, 0 errors, 0 left on base; Omaha 2 - Toledo 0 |
| BOTTOM OF THE 5TH |
|
Toledo Mud Hens batting - Pitching for Omaha Storm Chasers : LHP John Hall
|
|
Batting: RHB Dan Becvar
|
0-0: Called Strike 0-1: Foul Ball, location: 2F 0-2: Ball 1-2: TRIPLE (Flyball, 89XD, EV 109.4 MPH)
|
|
Batting: RHB Joel Miller
|
0-0: Foul Ball, location: 2F 0-1: Ball 1-1: DOUBLE (Line Drive, 3D, EV 95.0 MPH) Dan Becvar scores
|
|
Batting: RHB Keith Hoffman
|
0-0: Ball 1-0: Ball 2-0: Foul Ball, location: 2F 2-1: Foul Ball, location: 2F 2-2: Ground out 6-3 (Groundball, 6, EV 77.5 MPH)
|
|
Batting: RHB Aaron Cusick
|
0-0: Called Strike 0-1: Swinging Strike 0-2: Ball 1-2: Ball 2-2: Ball 3-2: SINGLE (Line Drive, 6D, EV 98.8 MPH) Joel Miller to third
|
|
Batting: SHB Chris Wagler
|
0-0: Fly out, F7 (Flyball, 7D, EV 108.8 MPH) Runner from 3rd tags up, SCORES, throw by LF
|
|
Batting: LHB Bill Ford
|
0-0: Foul Ball, location: 2F 0-1: Called Strike 0-2: Foul Ball, location: 2F 0-2: Strikes out swinging
|
| Bottom of the 5th over - 2 runs, 3 hits, 0 errors, 1 left on base; Omaha 2 - Toledo 2 |
| TOP OF THE 6TH |
|
Omaha Storm Chasers batting - Pitching for Toledo Mud Hens : LHP Josh Thorpe
|
|
Batting: LHB Willie Gutierrez
|
0-0: Foul Ball, location: 2F 0-1: Foul Ball, location: 2F 0-2: Strikes out looking
|
|
Batting: SHB Arturo Baez
|
0-0: Fly out, F6 (Popup, 6MS, EV 60.6 MPH)
|
|
Batting: RHB Kevin Roseen
|
0-0: Foul Ball, location: 2F 0-1: Foul Ball, location: 2F 0-2: Ball 1-2: SINGLE (Groundball, 34D, EV 110.0 MPH)
|
|
Batting: SHB David Barona
|
0-0: Ball 1-0: Foul Ball, location: 2F 1-1: Ball 2-1: Fly out, F5 (Line Drive, 5L, EV 66.2 MPH)
|
| Top of the 6th over - 0 runs, 1 hit, 0 errors, 1 left on base; Omaha 2 - Toledo 2 |
| BOTTOM OF THE 6TH |
|
Toledo Mud Hens batting - Pitching for Omaha Storm Chasers : LHP John Hall
|
|
Batting: RHB J.J. Basil
|
0-0: Ball 1-0: Called Strike 1-1: Ball 2-1: Ground out 6-3 (Groundball, 6, EV 76.2 MPH)
|
|
Batting: RHB Jamie Villagrana
|
0-0: Ground out 3-1 (Groundball, 34, EV 80.6 MPH)
|
|
Batting: LHB Jon Frederick
|
0-0: Called Strike 0-1: Foul Ball, location: 2F 0-2: Strikes out looking
|
| Bottom of the 6th over - 0 runs, 0 hits, 0 errors, 0 left on base; Omaha 2 - Toledo 2 |
| TOP OF THE 7TH |
|
Omaha Storm Chasers batting - Pitching for Toledo Mud Hens : LHP Josh Thorpe
|
|
Pitching: LHP Bobby Jones
|
|
|
Batting: RHB Jason Birge
|
0-0: Called Strike 0-1: Ball 1-1: Swinging Strike 1-2: Strikes out looking
|
|
Batting: RHB Yuichi Takata
|
0-0: Ball 1-0: Foul Ball, location: 2F 1-1: DOUBLE (Flyball, 78D, EV 103.8 MPH)
|
|
Batting: RHB Taisei Fujii
|
0-0: Intentional Walk
|
|
Batting: LHB Shigeru Ono
|
0-0: Ball 1-0: Called Strike 1-1: Ball 2-1: SINGLE (Groundball, 4D, EV 103.8 MPH) Yuichi Takata to third Taisei Fujii to second
|
|
Batting: SHB Francisco Gutierrez
|
0-0: Foul Ball, location: 2F 0-1: Called Strike 0-2: Ball 1-2: Foul Ball, location: 2F 1-2: Ball Wild Pitch! Yuichi Takata scores Taisei Fujii to third Shigeru Ono to second 2-2: Strikes out looking
|
|
Pinch Hitting: SHB Jared O'Connor
|
0-0: Ball 1-0: Ball 2-0: DOUBLE (Line Drive, 9LM, EV 94.4 MPH) Taisei Fujii scores Shigeru Ono scores
|
|
Pitching: RHP Jason Mucci
|
|
|
Batting: SHB Arturo Baez
|
0-0: Swinging Strike 0-1: Ground out 4-3 (Groundball, 13, EV 86.9 MPH)
|
| Top of the 7th over - 3 runs, 3 hits, 0 errors, 1 left on base; Omaha 5 - Toledo 2 |
| BOTTOM OF THE 7TH |
|
Toledo Mud Hens batting - Pitching for Omaha Storm Chasers : LHP John Hall
|
|
Now in CF: Kevin Allen
|
|
|
Batting: RHB Dan Becvar
|
0-0: Called Strike 0-1: Foul Ball, location: 2F 0-2: Strikes out swinging
|
|
Pitching: RHP Jake Gregor
|
|
|
Batting: RHB Joel Miller
|
0-0: Ball 1-0: Foul Ball, location: 2F 1-1: Ground out 4-3 (Groundball, 4, EV 106.9 MPH)
|
|
Batting: RHB Keith Hoffman
|
0-0: Called Strike 0-1: Ball 1-1: Ball 2-1: Foul Ball, location: 2F 2-2: Ball 3-2: Base on Balls
|
|
Batting: RHB Aaron Cusick
|
0-0: Ball 1-0: Ball 2-0: Called Strike 2-1: Ball 3-1: Base on Balls Keith Hoffman to second
|
|
Batting: SHB Chris Wagler
|
0-0: SINGLE (Groundball, 4MD, EV 81.9 MPH) (infield hit) Keith Hoffman to third Aaron Cusick to second
|
|
Batting: LHB Bill Ford
|
0-0: Ball 1-0: Called Strike 1-1: Swinging Strike 1-2: Ball 2-2: Ball 3-2: Foul Ball, location: 2F 3-2: Base on Balls Keith Hoffman scores Aaron Cusick to third Chris Wagler to second
|
|
Batting: RHB J.J. Basil
|
0-0: Ball 1-0: Ball 2-0: Called Strike 2-1: Called Strike 2-2: Foul Ball, location: 2F 2-2: Strikes out swinging
|
| Bottom of the 7th over - 1 run, 1 hit, 0 errors, 3 left on base; Omaha 5 - Toledo 3 |
| TOP OF THE 8TH |
|
Omaha Storm Chasers batting - Pitching for Toledo Mud Hens : RHP Jason Mucci
|
|
Batting: RHB Kevin Roseen
|
0-0: SOLO HOME RUN (Line Drive, 7D, EV 97.5 MPH), Distance : 363 ft
|
|
Batting: SHB David Barona
|
0-0: Swinging Strike 0-1: Ball 1-1: Foul Ball, location: 2F 1-2: Foul Ball, location: 2F 1-2: Fly out, F7 (Flyball, 7, EV 87.5 MPH)
|
|
Batting: RHB Jason Birge
|
0-0: Ball 1-0: Ball 2-0: Ball 3-0: Called Strike 3-1: Swinging Strike 3-2: Base on Balls
|
|
Batting: RHB Yuichi Takata
|
0-0: Ball 1-0: Ball 2-0: Ball Wild Pitch! Jason Birge to second 3-0: Base on Balls
|
|
Batting: RHB Taisei Fujii
|
0-0: Ball 1-0: Called Strike 1-1: Foul Ball, location: 2F 1-2: SINGLE (Groundball, 34D, EV 100.6 MPH) Jason Birge to third Yuichi Takata to second Runner from 3rd tries for Home, SAFE, throw by RF to home
|
|
Batting: LHB Shigeru Ono
|
0-0: Called Strike 0-1: Called Strike 0-2: Foul Ball, location: 2F 0-2: Ball 1-2: Strikes out swinging
|
|
Batting: SHB Francisco Gutierrez
|
0-0: Ball 1-0: Called Strike 1-1: Ball 2-1: Foul Ball, location: 2F 2-2: Fielders Choice at 2nd, 5-4 (Groundball, 56, EV 80.0 MPH)
|
| Top of the 8th over - 2 runs, 2 hits, 0 errors, 2 left on base; Omaha 7 - Toledo 3 |
| BOTTOM OF THE 8TH |
|
Toledo Mud Hens batting - Pitching for Omaha Storm Chasers : RHP Jake Gregor
|
|
Pitching: RHP Rich Frontczak
|
|
|
Batting: RHB Jamie Villagrana
|
0-0: Ball 1-0: Ball 2-0: Swinging Strike 2-1: Foul Ball, location: 2F 2-2: Foul Ball, location: 2F 2-2: Foul Ball, location: 2F 2-2: Strikes out swinging
|
|
Batting: LHB Jon Frederick
|
0-0: Ball 1-0: Ball 2-0: Ball 3-0: Base on Balls
|
|
Batting: RHB Dan Becvar
|
0-0: Ball 1-0: Ball 2-0: SINGLE (Groundball, 56S, EV 65.6 MPH) (infield hit) Jon Frederick to second
|
|
Batting: RHB Joel Miller
|
0-0: Called Strike 0-1: Ball 1-1: Ball 2-1: Foul Ball, location: 2F 2-2: Grounds into double play, 6-4-3 (Groundball, 6, EV 93.1 MPH)
|
| Bottom of the 8th over - 0 runs, 1 hit, 0 errors, 1 left on base; Omaha 7 - Toledo 3 |
| TOP OF THE 9TH |
|
Omaha Storm Chasers batting - Pitching for Toledo Mud Hens : RHP Jason Mucci
|
|
Pitching: RHP Roberto Benavides
|
|
|
Batting: RHB Kevin Allen
|
0-0: Called Strike 0-1: Called Strike 0-2: Ball 1-2: Ball 2-2: Fly out, F6 (Line Drive, 6, EV 68.8 MPH)
|
|
Batting: SHB Arturo Baez
|
0-0: Ball 1-0: Ball 2-0: Ball 3-0: Base on Balls
|
|
Batting: RHB Kevin Roseen
|
0-0: Called Strike 0-1: Ball 1-1: Grounds into double play, 6-4-3 (Groundball, 6, EV 88.1 MPH)
|
| Top of the 9th over - 0 runs, 0 hits, 0 errors, 0 left on base; Omaha 7 - Toledo 3 |
| BOTTOM OF THE 9TH |
|
Toledo Mud Hens batting - Pitching for Omaha Storm Chasers : RHP Rich Frontczak
|
|
Pitching: RHP Tim Watson
|
|
|
Batting: RHB Keith Hoffman
|
0-0: Ball 1-0: Called Strike 1-1: Ball 2-1: Ball 3-1: Base on Balls
|
|
Batting: RHB Aaron Cusick
|
0-0: SINGLE (Groundball, 25, EV 69.4 MPH) (infield hit) Keith Hoffman to second
|
|
Batting: SHB Chris Wagler
|
0-0: Ball 1-0: Ball 2-0: Ball 3-0: Fly out, F7 (Flyball, 7LM, EV 88.1 MPH)
|
|
Batting: LHB Bill Ford
|
0-0: Ball 1-0: Called Strike 1-1: Swinging Strike 1-2: Strikes out swinging
|
|
Batting: RHB J.J. Basil
|
0-0: Called Strike 0-1: Ball 1-1: Fielders Choice at 2nd, 6-4 (Groundball, 6, EV 102.5 MPH)
|
| Bottom of the 9th over - 0 runs, 1 hit, 0 errors, 2 left on base; Omaha 7 - Toledo 3 |
|